 Seeded DCSS version 0.30-a0-591-g3c58d2bc28 (webtiles) character file.

Game seed: 13662384745932578237 (custom seed)

390 purpskrrrp the Conjurer (level 6, -4/41 HPs)
             Began as a Demonspawn Conjurer on Jan 6, 2023.
             Killed by divine providence
             ... invoked by an orc priest
              (13 damage)
             ... on level 3 of the Dungeon.
             The game lasted 00:07:32 (3912 turns).

purpskrrrp the Conjurer (Demonspawn Conjurer)       Turns: 3912, Time: 00:07:33

Health: -4/41      AC:  4    Str:  8    XL:     6   Next: 50%
Magic:  8/11       EV: 12    Int: 27    God:
Gold:   135        SH:  0    Dex: 11    Spells: 8/12 levels left

rFire   . . .      SeeInvis .    f - +2 dagger (drain)
rCold   . . .      Faith    .    (no shield)
rNeg    . . .      Spirit   .    a - +0 robe
rPois   .          Reflect  .    (helmet unavailable)
rElec   .          Harm     .    (no cloak)
rCorr   .          Rampage  .    (no gloves)
Will    +....                    g - +1 pair of boots
Stlth   ++                       (no amulet)
HPRegen 0.26/turn                r - +6 ring of intelligence
MPRegen 0.12/turn                n - ring of willpower

@: no status effects
A: horns 3
a: no special abilities


You were on level 3 of the Dungeon.
You visited 1 branch of the dungeon, and saw 4 of its levels.

You collected 135 gold pieces.

Inventory:

Hand Weapons
 f - a +2 dagger of draining (weapon)
Missiles
 c - a throwing net
Armour
 a - a +0 robe (worn)
 g - a +1 pair of boots (worn)
Jewellery
 l - a ring of ice
 n - a ring of willpower (right hand)
 r - a +6 ring of intelligence (left hand)
Wands
 u - a wand of paralysis (3)
Scrolls
 b - a scroll of magic mapping
 h - a scroll of teleportation
Potions
 d - 2 potions of attraction
 e - a potion of heal wounds
 j - a potion of resistance {unknown}
 k - a potion of haste
 m - a potion of mutation {unknown}
 o - a potion of invisibility {unknown}
 q - a potion of ambrosia {unknown}
 s - a potion of cancellation {unknown}
 v - a potion of curing {unknown}


   Skills:
 + Level 3.5 Dodging
 - Level 3.3 Stealth
 + Level 3.5 Spellcasting
 + Level 5.2 Conjurations
 + Level 1.3 Summonings


You had 8 spell levels left.
You knew the following spells:

 Your Spells              Type           Power      Damage    Failure   Level
a - Magic Dart            Conj           100%       1d8       1%          1
b - Call Canine Familiar  Summ           11%        N/A       14%         3

Your spell library contained the following spells:

 Spells                   Type           Power      Damage    Failure   Level
 Searing Ray              Conj           64%        2d6       1%          2
 Summon Small Mammal      Summ           44%        N/A       4%          1
 Sandblast                Erth           8%         2d5       9%          1
 Dazzling Flash           Conj/Hex       36%        N/A       9%          3
 Stone Arrow              Conj/Erth      36%        3d9       9%          3
 Passwall                 Tmut/Erth      3%         N/A       13%         2
 Summon Guardian Golem    Hex/Summ       8%         N/A       19%         3
 Fulminant Prism          Conj/Hex       9%         3d7       28%         4
 Iskenderun's Mystic Bla  Conj/Tloc      18%        2d6       28%         4


Dungeon Overview and Level Annotations

Branches:
Dungeon (4/15)
 Temple: D:4-7

Altars:
Fedhas

Shops:
D:1 :*


Innate Abilities, Weirdness & Mutations

You have a pair of large horns on your head.


Message History

You barely miss the orc priest.
The orc priest is lightly wounded.
Your hound bites the orc.
The orc priest misses you. The orc misses you.
You barely miss the orc priest.
You headbutt the orc priest, but do no damage.
The orc priest is lightly wounded.
Your hound bites the orc.
The orc priest hits you with a +0 flail.
The orc closely misses you.
Your hound bites the orc.
The orc dies!
You hit the orc priest but do no damage.
You drain the orc priest.
The orc priest is heavily wounded.
The orc priest casts a cantrip, but nothing happens.
You hit the orc priest but do no damage.
You drain the orc priest.
The orc priest is heavily wounded.
Your hound barely misses the orc priest.
The orc priest hits you with a +0 flail.
Your hound closely misses the orc priest.
You hit the orc priest but do no damage.
The orc priest is heavily wounded.
Your hound bites the orc priest but does no damage.
The orc priest barely misses you.
You closely miss the orc priest. You headbutt the orc priest.
The orc priest is severely wounded.
Your hound barely misses the orc priest.
The orc priest hits you with a +0 flail!
* * * LOW HITPOINT WARNING * * *
Your hound barely misses the orc priest.
You hit the orc priest but do no damage.
The orc priest is severely wounded.
Your hound bites the orc priest.
The orc priest hits you but does no damage.
You hit the orc priest. Your headbutt misses the orc priest.
The orc priest is almost dead.
Your hound closely misses the orc priest.
The orc priest invokes the aid of Beogh against you.
Beogh smites you!
You die...

#.########.#.##........... #.#
####.#.##..##.###.## #.#
#..........##.###.#.
########.#####.##....#.........#.
...............##.#.#.####.#####.
########.#####.#..#.##.###.## #.
########.#.###....#.###.#...####.
......##.........................
#####.##.#.###..@)#.###.#...####.
#.##.#.....oh.>....###.## #.
#.##............#.># #.#####.
#.###...##.#.#...#.# #.......
#.##.#.......#####.# ######## #
#.###.#.##...#####.# #
#.####.........<...# #
#............####### #
##########.#.#


You could see an orc priest (very drained, ally target) and a friendly hound
(summoned).

Vanquished Creatures
  Sigmund (D:2)
  Ijyb (D:3)
  Jessica (D:3)
  2 adders
  3 worms
  5 dart slugs
  9 ball pythons
  6 endoplasms
  A giant cockroach (D:1)
  5 goblins
  4 hobgoblins
  9 jackals
  2 quokkas
  8 bats
  2 frilled lizards (D:1)
  6 kobolds
  6 rats
71 creatures vanquished.

Vanquished Creatures (collateral kills)
  A phantom (D:3)
  An orc (D:3)
2 creatures vanquished.

Grand Total: 73 creatures vanquished

Notes
Turn   | Place    | Note
-------+----------+-------------------------------------------
     0 | D:1      | purpskrrrp the Demonspawn Conjurer began the quest for the
                  | Orb.
     0 | D:1      | Reached XP level 1. HP: 13/13 MP: 3/3
   142 | D:1      | You fall into a shaft and drop 1 floor!
   152 | D:2      | Gained mutation: You have a pair of small horns on your
                  | head. [demonic ancestry]
   152 | D:2      | Reached XP level 2. HP: 19/19 MP: 0/5
   549 | D:2      | Reached XP level 3. HP: 24/24 MP: 4/6
  1268 | D:1      | Found Muaginir's Assorted Antiques.
  1551 | D:1      | Found Hunin's Book Boutique.
  1910 | D:2      | Noticed Sigmund
  1926 | D:2      | Killed Sigmund
  1927 | D:2      | Gained mutation: You have a pair of horns on your head.
                  | [demonic ancestry]
  1927 | D:2      | Reached XP level 4. HP: 13/30 MP: 0/8
  1927 | D:2      | Gained mutation: You have a pair of large horns on your
                  | head. [demonic ancestry]
  1927 | D:2      | Reached XP level 5. HP: 15/35 MP: 0/9
  2674 | D:3      | Learned a level 3 spell: Call Canine Familiar
  2796 | D:3      | Found a blossoming altar of Fedhas.
  2924 | D:3      | Noticed Ijyb
  2938 | D:3      | Killed Ijyb
  3075 | D:3      | Noticed a phantom
  3075 | D:3      | Noticed Jessica
  3085 | D:3      | Killed Jessica
  3086 | D:3      | Reached skill level 5 in Conjurations
  3086 | D:3      | Reached XP level 6. HP: 41/41 MP: 1/11
  3092 | D:3      | Reached skill level 1 in Summonings
  3912 | D:3      | Killed from afar by an orc priest

Illustrated notes

Levels and vault maps discovered:
D:1:      dpeg_arrival_tiny_k, layout_loops_corners, serial_shops, shop,
          shop_fountains, serial_bayou_pond_c
D:2:      layout_loops_ring, grunt_ministairs_14, uniq_sigmund
D:3:      minmay_chambers_of_twos, layout_loops_ring, mainiacjoe_overflow_paths,
          uniq_ijyb, uniq_jessica
D:4:      layout_loops_ring, kennysheep_little_box, makhleb_altar_promises_db,
          uniq_blork_the_orc

Skill      XL: |  1  2  3  4  5  6 |
---------------+-------------------+-----
Dodging        | 2 3 |  3.5
Stealth        | 2 3 |  3.3
Spellcasting   | 3 |  3.5
Conjurations   | 5 |  5.2
Summonings     | 1 |  1.3

Action                   |  1- 3 |  4- 6 || total
-------------------------+-------+-------++-------
Melee: Unarmed           |     4 |       ||     4
       Headbutt          |     2 |     6 ||     8
       Dagger            |     3 |    45 ||    48
 Cast: Magic Dart        |    79 |    66 ||   145
       Call Canine Famil |       |     2 ||     2
  Use: Potion            |     1 |     2 ||     3
       Scroll            |       |     8 ||     8
Armor: Robe              |     2 |     9 ||    11
Dodge: Dodged            |    10 |    35 ||    45

Table legend: (Time is in decaauts)
 A = Elapsed time spent in this place.
 B = Non-inter-level travel time spent in this place.
 C = Inter-level travel time spent in this place.
 D = Time resting spent in this place.
 E = Time spent auto-exploring this place.
 F = Levels seen in this place.
 G = Mean time per level.
                   A        B        C        D        E       F      G
               +--------+--------+--------+--------+--------+-----+--------+
         Total |   3891 |   3622 |    269 |    111 |   3044 |   4 |  972.8 |
       Dungeon |   3891 |   3622 |    269 |    111 |   3044 |   4 |  972.8 |
               +--------+--------+--------+--------+--------+-----+--------+

Top non-repeatable levels by time:
     D:3: 1479 daAuts
     D:1: 1208 daAuts
     D:2: 1202 daAuts
     D:4: 1 daAuts
